Map: Backwater LE

Players

JonSnow

  • Race: Zerg Zerg
  • League: Master
  • Spawn Location: 5:00

puCK (Nina) - Winner!

  • Race: Protoss Protoss
  • Spawn Location: 11:00

VOD

Have the link to the VOD?

Description

Time

  • Played on: Feb. 1, 2018, 4:13 p.m.
  • Length: 19:09
Show
View Real Time Build Order
Export as new Build Order

JonSnow Zerg 

Build Orders: Hatch First, Lurkers, Muta Ling Bane 

Get SALT Encoding   

  12  0:00  Drone  
  13  0:12  Overlord  
  13  0:17  Drone  
  14  0:31  Drone  
  15  0:46  Hatchery  
  15  0:48  Drone  
  15  0:52  Drone  
  15  0:56  Drone  
  17  1:02  Drone  
  18  1:06  Extractor  
  17  1:16  Spawning Pool  
  16  1:20  Drone  
  16  1:24  Drone  
  18  1:33  Drone  
  19  1:42  Drone  
  20  1:52  Overlord  
  20  1:57  Drone  
  21  2:04  Queen x2  
  25  2:09  Metabolic Boost  
  25  2:13  Zergling x2  
  27  2:15  Drone  
  27  2:19  Drone  
  27  2:22  Drone  
  29  2:25  Drone  
  30  2:41  Hatchery  
  29  2:47  Queen  
  31  2:52  Overlord  
  31  2:56  Drone x2  
  34  3:05  Zergling x4  
  34  3:06  Zergling x2  
  36  3:15  Drone x5  
  40  3:23  Drone  
  40  3:24  Drone x3  
  44  3:29  Spore Crawler  
  44  3:32  Drone  
  44  3:45  Overlord  
  44  3:47  Spore Crawler  
  42  3:55  Lair  
  42  3:56  Spore Crawler  
  42  3:59  Overlord  
  41  4:03  Queen  
  41  4:04  Drone x5  
  41  4:06  Drone  
  49  4:16  Overlord  
  49  4:17  Overlord x2  
  49  4:20  Overlord  
  49  4:29  Extractor  
  49  4:30  Extractor  
  47  4:32  Drone x2  
  47  4:34  Overlord x2  
  47  4:37  Drone x2  
  47  4:38  Drone  
  52  4:41  Drone x2  
  52  4:43  Drone x2  
  56  4:46  Drone x2  
  56  4:49  Drone  
  56  5:00  Overlord  
  56  5:03  Drone  
  56  5:05  Drone x6, Hydralisk Den  
  56  5:06  Extractor  
  59  5:12  Overlord  
  59  5:17  Drone  
  59  5:18  Drone x6  
  65  5:21  Drone  
  65  5:26  Drone  
  67  5:29  Baneling Nest  
  66  5:36  Extractor, Grooved Spines  
  66  5:40  Hydralisk x2  
  66  5:41  Hydralisk x2  
  72  5:45  Evolution Chamber  
  72  5:47  Hydralisk  
  73  5:51  Drone x7  
  73  5:53  Spore Crawler  
  73  5:55  Hydralisk  
  81  5:59  Zergling x4  
  83  6:06  Hydralisk  
  83  6:07  Hydralisk  
  86  6:17  Drone x9  
  96  6:20  Zerg Missile Weapons Level 1  
  96  6:28  Drone  
  96  6:29  Drone x4  
  99  6:35  Extractor  
  99  6:37  Overlord  
  99  6:39  Hatchery  
  97  6:41  Overseer, Spire  
  96  6:50  Hydralisk  
  96  6:51  Hydralisk x2  
  102  6:59  Muscular Augments  
  102  7:04  Zergling x22  
  113  7:10  Drone  
  113  7:11  Drone x5  
  113  7:14  Overlord  
  119  7:18  Baneling x2, Extractor  
  118  7:25  Extractor, Centrifical Hooks  
  118  7:28  Zergling x2  
  118  7:29  Zergling x8  
  122  7:30  Overlord  
  122  7:33  Overlord  
  122  7:34  Drone  
  123  7:38  Overlord  
  123  7:41  Drone x2  
  125  7:44  Drone  
  125  7:45  Queen  
  125  7:49  Overlord x2  
  127  8:05  Mutalisk x9  
  129  8:08  Zergling x2  
  129  8:09  Zergling x8  
  150  8:14  Zerg Melee Weapons Level 1, Mutalisk  
  150  8:18  Overlord  
  151  8:28  Mutalisk  
  151  8:29  Mutalisk x2  
  151  8:30  Overlord, Hatchery  
  151  8:31  Zergling x2  
  151  8:32  Zergling x10  
  162  8:35  Drone x2  
  162  8:36  Evolution Chamber  
  162  8:38  Baneling x6  
  162  8:39  Baneling x3  
  162  8:41  Overseer  
  162  8:46  Baneling x4  
  162  8:47  Zergling x14  
  169  8:52  Baneling x4  
  169  9:01  Hydralisk x5  
  171  9:07  Zergling x20  
  171  9:12  Zerg Ground Armor Level 1  
  171  9:13  Zerg Flyer Weapons Level 1  
  168  9:21  Lurker Den  
  166  9:28  Queen  
  166  9:31  Corruptor x2  
  168  9:36  Overlord  
  171  9:42  Zergling x22  
  171  9:44  Drone  
  183  9:46  Drone  
  184  10:00  Hydralisk  
  184  10:01  Hydralisk x7  
  198  10:08  Zerg Missile Weapons Level 2  
  197  10:17  Baneling  
  197  10:20  Hydralisk  
  199  10:22  Overlord  
  199  10:33  Baneling x8  
  196  10:50  Lurker  
  196  10:51  Lurker x2  
  193  11:08  Lurker x7  
  198  11:13  Zerg Melee Weapons Level 2  
  198  11:22  Baneling x5  
  198  11:29  Lurker  
  199  11:35  Infestation Pit  
  198  11:42  Baneling x2  
  198  11:44  Baneling x4  
  198  11:46  Zergling x8  
  198  11:51  Hydralisk x11  
  198  11:52  Zergling x10  
  198  11:54  Zergling x24  
  191  12:00  Hydralisk x5  
  191  12:01  Zergling x6  
  196  12:04  Corruptor  
  196  12:10  Overlord  
  196  12:11  Hive  
  196  12:15  Queen, Hatchery  
  197  12:17  Spore Crawler, Spine Crawler, Extractor  
  197  12:18  Spine Crawler  
  197  12:19  Extractor  
  192  12:24  Lurker x2  
  194  12:30  Baneling  
  194  12:31  Baneling x5, Zergling x2  
  194  12:32  Zergling x10  
  192  12:45  Hatchery  
  192  12:46  Hydralisk x8  
  192  12:47  Zergling x4  
  197  12:53  Spine Crawler, Hydralisk x3  
  197  12:54  Spine Crawler x2, Zergling x2  
  197  12:55  Spine Crawler, Zergling x8  
  197  12:56  Spine Crawler  
  183  13:07  Mutalisk  
  183  13:08  Mutalisk x2, Zergling x2  
  183  13:09  Zergling x20  
  184  13:18  Lurker  
  184  13:19  Zergling x22  
  183  13:26  Hydralisk x2  
  171  13:29  Hatchery  
  171  13:30  Hydralisk  
  171  13:31  Zergling x2  
  159  13:34  Hydralisk  
  159  13:35  Zergling x4  
  149  13:41  Hydralisk  
  149  13:43  Zergling x2  
  131  13:48  Hydralisk  
  131  13:50  Hydralisk  
  127  13:57  Zergling x2  
  127  13:58  Zergling x2  
  127  13:59  Baneling  
  127  14:00  Baneling  
  129  14:11  Overseer  
  129  14:14  Zergling x2  
  129  14:15  Zergling x6  
  129  14:29  Hydralisk x2  
  129  14:30  Zergling x4  
  135  14:32  Zergling x6  
  135  14:33  Zergling x2  
  135  14:37  Hydralisk  
  136  15:00  Corruptor x2  
  136  15:02  Zergling x8  
  143  15:11  Zergling x6  
  145  15:18  Corruptor x2  
  145  15:19  Zergling x2  
  101  15:29  Zergling x6  
  89  15:37  Zergling x4  
  89  15:39  Overseer  
  91  15:44  Zergling x2  
  91  15:45  Zergling x4  
  91  15:47  Overseer  
  92  15:52  Baneling x8  
  92  15:57  Drone  
  92  16:02  Hydralisk x2  
  92  16:04  Zergling x6  
  98  16:08  Zergling x2  
  101  16:11  Zergling x4  
  98  16:18  Zergling x2  
  98  16:19  Zergling x4  
  98  16:25  Zergling x6  
  93  16:30  Hydralisk x2  
  77  16:42  Hydralisk  
  77  16:43  Hydralisk x2  
  77  16:44  Zergling x2  
  74  16:49  Baneling x2  
  64  17:07  Zergling x2  
  65  17:22  Zergling x2  
  66  17:23  Zergling x2  
  65  17:30  Baneling  
  62  17:50  Zergling x10  
Show
View Real Time Build Order
Export as new Build Order

puCK Protoss - Winner!

Build Orders: 1 Gate Expand, Phoenix Opening 

Get SALT Encoding   

  12  0:00  Probe  
  13  0:12  Probe  
  14  0:18  Pylon  
  14  0:25  Probe (Chrono Boost)  
  15  0:37  Probe (Chrono Boost)  
  15  0:40  Gateway  
  16  0:45  Probe (Chrono Boost)  
  17  0:51  Probe  
  17  0:53  Assimilator  
  18  1:03  Probe  
  19  1:15  Probe  
  20  1:29  Nexus  
  20  1:38  Cybernetics Core  
  20  1:42  Probe  
  21  1:51  Assimilator  
  21  1:54  Probe  
  22  1:59  Pylon  
  22  2:06  Probe  
  23  2:16  Adept (Chrono Boost)  
  23  2:18  Probe  
  23  2:21  Stargate  
  26  2:30  Probe  
  26  2:34  Adept (Chrono Boost)  
  29  2:39  Warp Gate  
  29  2:42  Probe  
  29  2:43  Probe  
  31  2:55  Probe x2  
  33  3:01  Gateway  
  33  3:06  Phoenix (Chrono Boost)  
  33  3:07  Probe  
  33  3:09  Probe  
  37  3:19  Probe  
  38  3:23  Probe, Adept  
  38  3:26  Phoenix (Chrono Boost)  
  41  3:31  Probe  
  42  3:35  Probe  
  42  3:40  Pylon  
  43  3:43  Probe  
  43  3:47  Shield Battery  
  43  3:55  Probe (Chrono Boost)  
  45  3:57  Phoenix  
  45  4:00  Probe (Chrono Boost)  
  47  4:05  Probe (Chrono Boost)  
  47  4:09  Probe (Chrono Boost), Nexus  
  49  4:10  Probe (Chrono Boost)  
  50  4:19  Probe  
  50  4:21  Probe  
  50  4:23  Phoenix  
  54  4:30  Robotics Facility  
  54  4:34  Assimilator  
  54  4:36  Pylon  
  54  4:39  Assimilator  
  54  4:50  Pylon  
  54  4:54  Probe x2, Twilight Council  
  54  4:56  Forge  
  58  5:06  Probe x2  
  58  5:16  Gateway x2  
  58  5:18  Probe x2, Gateway  
  60  5:24  Observer  
  60  5:25  Probe  
  60  5:28  Robotics Bay  
  62  5:30  Probe x2  
  64  5:37  Probe  
  64  5:42  Probe x2  
  67  5:44  Blink  
  67  5:45  Protoss Ground Weapons Level 1, Pylon  
  67  5:49  Probe  
  68  5:54  Probe  
  68  5:55  Probe, Immortal (Chrono Boost)  
  74  6:01  Probe, Assimilator x2  
  75  6:06  Probe  
  76  6:13  Probe  
  76  6:15  Probe, Shield Battery  
  76  6:17  Pylon  
  78  6:18  Probe  
  85  6:25  Colossus (Chrono Boost)  
  85  6:26  Probe  
  85  6:28  Pylon  
  85  6:29  Probe  
  87  6:35  Sentry x3  
  87  6:36  Probe  
  87  6:39  Pylon  
  94  6:42  Gateway x2  
  94  6:43  Gateway  
  94  6:46  Pylon  
  94  6:50  Probe x2  
  94  6:52  Pylon  
  96  6:56  Pylon, Colossus (Chrono Boost)  
  96  6:57  Pylon  
  96  7:01  Sentry  
  100  7:07  Extended Thermal Lance (Chrono Boost), Stalker x2  
  104  7:16  Stalker x2  
  108  7:27  Stalker  
  110  7:38  Pylon, Colossus (Chrono Boost)  
  110  7:40  Pylon, Nexus  
  116  7:44  Pylon  
  116  7:47  Protoss Ground Weapons Level 2 (Chrono Boost), Zealot  
  118  7:53  Sentry  
  118  7:54  Sentry  
  118  7:56  Pylon  
  122  7:59  Pylon  
  118  8:09  Stalker  
  118  8:12  Shield Battery  
  120  8:15  Shield Battery, Photon Cannon  
  120  8:26  Warp Prism  
  120  8:28  Stalker x5  
  120  8:33  Photon Cannon  
  132  8:36  Photon Cannon  
  132  8:38  Templar Archives, Photon Cannon  
  132  8:45  Stalker x3  
  138  8:49  Assimilator  
  138  8:53  Assimilator  
  138  9:01  Stalker x3  
  138  9:02  Stalker x2  
  143  9:08  Phoenix (Chrono Boost)  
  143  9:09  Psionic Storm  
  137  9:20  Probe  
  137  9:21  Probe x3  
  137  9:23  Shield Battery  
  141  9:30  Phoenix (Chrono Boost)  
  143  9:33  Probe x4  
  143  9:36  Photon Cannon  
  147  9:40  High Templar x3  
  147  9:43  Charge  
  147  9:45  Probe x2  
  155  9:46  Probe x2  
  155  9:52  Zealot  
  159  9:55  Photon Cannon  
  159  10:03  Stalker x4  
  156  10:15  Probe x2  
  156  10:17  Phoenix  
  156  10:20  Photon Cannon  
  160  10:21  Warp Prism (Chrono Boost)  
  160  10:22  Photon Cannon  
  161  10:31  High Templar x2  
  161  10:32  High Templar  
  166  10:40  Stalker  
  166  10:41  Stalker x3  
  170  10:52  Stalker  
  170  10:54  Observer  
  173  10:57  Protoss Ground Weapons Level 3 (Chrono Boost)  
  173  11:00  Phoenix  
  173  11:05  Zealot  
  173  11:06  Stalker x4  
  181  11:20  Photon Cannon  
  181  11:23  Warp Prism (Chrono Boost)  
  183  11:30  High Templar  
  183  11:31  High Templar  
  187  11:36  Photon Cannon, High Templar  
  189  11:43  Stalker x3  
  195  11:51  Observer  
  151  12:02  Stalker x2  
  151  12:05  Probe x2  
  151  12:06  Probe, Stalker x2  
  151  12:07  Stalker x2  
  166  12:12  Probe, Observer  
  168  12:18  Zealot  
  168  12:19  Zealot  
  172  12:22  Nexus  
  172  12:25  Zealot x2  
  175  12:32  High Templar x4  
  175  12:34  Observer  
  184  12:37  Archon x2  
  184  12:42  Zealot x2  
  184  12:43  Pylon  
  185  12:46  Pylon, Dark Shrine  
  179  12:51  Zealot  
  179  12:52  Zealot  
  180  12:58  Photon Cannon  
  180  13:01  Photon Cannon  
  180  13:03  Photon Cannon  
  180  13:04  Photon Cannon  
  178  13:06  Photon Cannon  
  178  13:11  Pylon  
  173  13:13  Pylon x2  
  173  13:14  Pylon  
  158  13:23  Photon Cannon  
  158  13:25  Photon Cannon  
  146  13:27  Pylon  
  146  13:30  Zealot x3  
  104  14:07  High Templar x5  
  114  14:11  Archon  
  114  14:12  Archon  
  112  14:25  Dark Templar  
  114  14:35  Nexus  
  114  14:38  Pylon  
  114  14:40  Pylon  
  114  14:42  Zealot x4  
  120  14:54  Pylon  
  118  15:14  Zealot x6  
  81  15:36  Dark Templar  
  81  15:37  Dark Templar  
  81  15:38  Zealot  
  81  15:39  Zealot  
  89  15:42  High Templar  
  89  15:47  High Templar  
  93  15:59  Dark Templar  
  93  16:00  High Templar  
  93  16:30  Dark Templar x3  
  94  16:36  Zealot x3  
  90  17:03  Zealot x2  
  90  17:04  Zealot x2  
  96  17:30  Archon x2  
  96  17:34  High Templar x2  
  96  17:35  Zealot x2  
Tags
 
Add a new tag
Caveats
  • Supply blocks, unpowered buildings, or Contaminate may cause inaccurate times.
  • Supply counts are checked every 10 seconds.